SL
NORFOLK CRUISERS @ TOLEDO TITANS
05/11/2018
 
TOP OF THE 1ST
Norfolk Cruisers batting - Pitching for Toledo Titans : RHP Bill Grange
Pitching: RHP Bill Grange
Batting: RHB David Gómez 0-0: Swinging Strike
0-1: Called Strike
0-2: Ball
1-2: Ball
2-2: Strikes out swinging
Batting: RHB Xie-li Kan 0-0: Ball
1-0: Ball
2-0: Ball
3-0: Called Strike
3-1: Foul Ball, location: 2F
3-2: DOUBLE (Line Drive, 8LS)
Batting: RHB Carlos Rodríguez 0-0: Ball
1-0: Swinging Strike
1-1: Fly out, F8 (Flyball, 8RD)
Runner from 2nd tags up, SAFE at 3rd, no throw
Batting: RHB Jorge Gómez 0-0: Ball
1-0: Ball
2-0: Called Strike
2-1: 2-RUN HOME RUN (Flyball, 78XD), Distance : 442 ft
Batting: SHB Stephen Baldwin 0-0: Called Strike
0-1: Ball
1-1: Ground out 4-3 (Groundball, 4)
Top of the 1st over - 2 run(s), 2 hit(s), 0 error(s), 0 left on base; Norfolk 2 - Toledo 0
BOTTOM OF THE 1ST
Toledo Titans batting - Pitching for Norfolk Cruisers : RHP Gonçalo Conxacha
Pitching: RHP Gonçalo Conxacha
Batting: LHB Nathan Santos 0-0: Foul Ball, location: 2F
0-1: SINGLE (Groundball, 6MD)
Batting: LHB David Martínez 0-0: Called Strike
0-1: Ball
1-1: Ball
2-1: Swinging Strike
2-2: Fly out, F7 (Flyball, 78M)
Batting: LHB Michael Neely 0-0: Ball
Nathan Santos steals 2nd base
1-0: Called Strike
1-1: SINGLE (Line Drive, 4MD)
Nathan Santos to third
Runner from 3rd tries for Home, SAFE, no throw or cutoff
Batting: RHB Enrique Pérez 0-0: Ball
1-0: Ball
2-0: Ball
3-0: Base on Balls
Michael Neely to second
Batting: RHB Steve Ferguson 0-0: Called Strike
0-1: Foul Ball, location: 2F
0-2: Ground out 5-3 (Groundball, 56S)
Michael Neely to third
Enrique Pérez to second
Batting: LHB Salvador Vidal 0-0: Ball
1-0: Ground out 4-3 (Groundball, 4S)
Bottom of the 1st over - 1 run(s), 2 hit(s), 0 error(s), 2 left on base; Norfolk 2 - Toledo 1
TOP OF THE 2ND
Norfolk Cruisers batting - Pitching for Toledo Titans : RHP Bill Grange
Batting: RHB Terry Sylvester 0-0: Called Strike
0-1: Ground out 6-3 (Groundball, 6)
Batting: RHB Bill Childers 0-0: SINGLE (Line Drive, 8LS)
Batting: RHB Floyd Mitchell 0-0: Ball
1-0: Ball
2-0: Ball
3-0: Hit by Pitch
Bill Childers to second
Batting: RHB Gonçalo Conxacha 0-0: Sac Bunt - play at first, batter OUT! 2-4
Bill Childers to third
Floyd Mitchell to second
Batting: RHB David Gómez 0-0: Ball
1-0: Fly out, F8 (Flyball, 8LXD)
Top of the 2nd over - 0 run(s), 1 hit(s), 0 error(s), 2 left on base; Norfolk 2 - Toledo 1
BOTTOM OF THE 2ND
Toledo Titans batting - Pitching for Norfolk Cruisers : RHP Gonçalo Conxacha
Batting: RHB Sherman Davis 0-0: Ball
1-0: Swinging Strike
1-1: Swinging Strike
1-2: Strikes out swinging
Batting: RHB Ray Porch 0-0: Ball
1-0: Ball
2-0: Swinging Strike
2-1: Ball
3-1: Foul Ball, location: 2F
3-2: Base on Balls
Batting: RHB Bill Grange 0-0: Swinging Strike
0-1: Foul Ball, location: 2F
0-2: Foul Ball, location: 2F
0-2: Sac Bunt - play at first, batter OUT! 1-4
Ray Porch to second
Batting: LHB Nathan Santos 0-0: Ball
1-0: Ground out 3-1 (Groundball, 34)
Bottom of the 2nd over - 0 run(s), 0 hit(s), 0 error(s), 1 left on base; Norfolk 2 - Toledo 1
TOP OF THE 3RD
Norfolk Cruisers batting - Pitching for Toledo Titans : RHP Bill Grange
Batting: RHB Xie-li Kan 0-0: Foul Ball, location: 2F
0-1: DOUBLE (Line Drive, 7M)
Batting: RHB Carlos Rodríguez 0-0: Called Strike
0-1: Ball
1-1: Foul Ball, location: 2F
1-2: Foul Ball, location: 2F
1-2: Strikes out swinging
Batting: RHB Jorge Gómez 0-0: Ball
1-0: Called Strike
1-1: Foul Ball, location: 2F
1-2: Fly out, F7 (Flyball, 7S)
Batting: SHB Stephen Baldwin 0-0: Ball
1-0: Ball
2-0: Foul Ball, location: 2F
2-1: DOUBLE (Line Drive, 8RM)
Xie-li Kan scores
Batting: RHB Terry Sylvester 0-0: Called Strike
0-1: Called Strike
0-2: Ball
1-2: Ball
2-2: Foul Ball, location: 2F
2-2: Foul Ball, location: 2F
2-2: Ground out 1-3 (Groundball, 15)
Top of the 3rd over - 1 run(s), 2 hit(s), 0 error(s), 1 left on base; Norfolk 3 - Toledo 1
BOTTOM OF THE 3RD
Toledo Titans batting - Pitching for Norfolk Cruisers : RHP Gonçalo Conxacha
Batting: LHB David Martínez 0-0: Ball
1-0: Ground out 4-3 (Groundball, 4)
Batting: LHB Michael Neely 0-0: Called Strike
0-1: Ball
1-1: Called Strike
1-2: Ball
2-2: Foul Ball, location: 2F
2-2: Fly out, F6 (Line Drive, 6M)
Batting: RHB Enrique Pérez 0-0: Ball
1-0: Foul Ball, location: 2F
1-1: Foul Ball, location: 2F
1-2: Foul Ball, location: 2F
1-2: Ball
2-2: Foul Ball, location: 2F
2-2: Ball
3-2: Base on Balls
Batting: RHB Steve Ferguson 0-0: Foul Ball, location: 2F
0-1: Called Strike
0-2: Ball
1-2: Strikes out swinging
Bottom of the 3rd over - 0 run(s), 0 hit(s), 0 error(s), 1 left on base; Norfolk 3 - Toledo 1
TOP OF THE 4TH
Norfolk Cruisers batting - Pitching for Toledo Titans : RHP Bill Grange
Batting: RHB Bill Childers 0-0: Called Strike
0-1: Ball
1-1: Swinging Strike
1-2: Ball
2-2: Ball
3-2: Base on Balls
Batting: RHB Floyd Mitchell 0-0: Ball
1-0: Foul Ball, location: 2F
1-1: Ball
2-1: Foul Ball, location: 2F
2-2: Ground out 5-3 (Groundball, 5S)
Bill Childers to second
Batting: RHB Gonçalo Conxacha 0-0: Foul Ball, location: 2F
0-1: Ball
1-1: SINGLE (Groundball, 6MD)
Bill Childers to third
Batting: RHB David Gómez 0-0: Called Strike
0-1: Foul Ball, location: 2F
0-2: Foul Ball, location: 2F
0-2: SINGLE (Groundball, 5L)
Bill Childers scores
Gonçalo Conxacha to second
Batting: RHB Xie-li Kan 0-0: Called Strike
0-1: Ball
1-1: Swinging Strike
1-2: Foul Ball, location: 2F
1-2: Ball
2-2: SINGLE (Groundball, 56D) (infield hit)
Gonçalo Conxacha to third
David Gómez to second
Batting: RHB Carlos Rodríguez 0-0: Ball
1-0: Grounds into double play, 6-4-3 (Groundball, 6M)
Top of the 4th over - 1 run(s), 3 hit(s), 0 error(s), 2 left on base; Norfolk 4 - Toledo 1
BOTTOM OF THE 4TH
Toledo Titans batting - Pitching for Norfolk Cruisers : RHP Gonçalo Conxacha
Batting: LHB Salvador Vidal 0-0: Ball
1-0: Called Strike
1-1: SINGLE (Line Drive, 56D)
Batting: RHB Sherman Davis 0-0: Foul Ball, location: 2F
0-1: Ball
1-1: Swinging Strike
1-2: Foul Ball, location: 2F
1-2: Ball
2-2: Ball
3-2: Base on Balls
Salvador Vidal to second
Batting: RHB Ray Porch 0-0: Ball
1-0: Called Strike
1-1: Swinging Strike
1-2: Ball
Wild Pitch!
Salvador Vidal to third
Sherman Davis to second
2-2: Ball
3-2: Ground out 6-3 (Groundball, 6M)
Salvador Vidal scores
Sherman Davis to third
Batting: RHB Bill Grange 0-0: Called Strike
0-1: Called Strike
0-2: Foul Ball, location: 2F
0-2: Foul Ball, location: 2F
0-2: Foul Ball, location: 2F
0-2: Ball
1-2: Foul Ball, location: 2F
1-2: Strikes out swinging
Batting: LHB Nathan Santos 0-0: Called Strike
0-1: Ball
1-1: Swinging Strike
1-2: Ground out U3 (Groundball, 3)
Bottom of the 4th over - 1 run(s), 1 hit(s), 0 error(s), 1 left on base; Norfolk 4 - Toledo 2
TOP OF THE 5TH
Norfolk Cruisers batting - Pitching for Toledo Titans : RHP Bill Grange
Batting: RHB Jorge Gómez 0-0: Ball
1-0: Called Strike
1-1: Ball
2-1: Swinging Strike
2-2: Strikes out swinging
Batting: SHB Stephen Baldwin 0-0: Ball
1-0: Foul Ball, location: 2F
1-1: Foul Ball, location: 2F
1-2: Ball
2-2: Ground out 5-3 (Groundball, 56)
Batting: RHB Terry Sylvester 0-0: Ball
1-0: Swinging Strike
1-1: Ball
2-1: Foul Ball, location: 2F
2-2: Ball
3-2: Foul Ball, location: 2F
3-2: Foul Ball, location: 2F
3-2: Base on Balls
Batting: RHB Bill Childers 0-0: Ball
1-0: Called Strike
1-1: Ball
2-1: Called Strike
2-2: Foul Ball, location: 2F
2-2: Foul Ball, location: 2F
2-2: Fielders Choice at 2nd, 5-4 (Groundball, 56)
Top of the 5th over - 0 run(s), 0 hit(s), 0 error(s), 0 left on base; Norfolk 4 - Toledo 2
BOTTOM OF THE 5TH
Toledo Titans batting - Pitching for Norfolk Cruisers : RHP Gonçalo Conxacha
Batting: LHB David Martínez 0-0: Ball
1-0: Swinging Strike
1-1: Ball
2-1: Ball
3-1: Foul Ball, location: 2F
3-2: DOUBLE (Line Drive, 9LS)
Pitching: LHP Denver Johnston
Batting: LHB Michael Neely 0-0: Ball
1-0: Ball
2-0: Fly out, F9 (Flyball, 9D)
Runner from 2nd tags up, SAFE at 3rd, no throw
Batting: RHB Enrique Pérez 0-0: Called Strike
0-1: Ball
1-1: Ball
2-1: Ball
3-1: Foul Ball, location: 2F
3-2: Base on Balls
Batting: RHB Steve Ferguson 0-0: Swinging Strike
0-1: Foul Ball, location: 2F
0-2: Ball
1-2: Ball
2-2: Ball
3-2: Grounds into double play, 6-4-3 (Groundball, 6)
Bottom of the 5th over - 0 run(s), 1 hit(s), 0 error(s), 1 left on base; Norfolk 4 - Toledo 2
TOP OF THE 6TH
Norfolk Cruisers batting - Pitching for Toledo Titans : RHP Bill Grange
Batting: RHB Floyd Mitchell 0-0: Ball
1-0: Ball
2-0: Fly out, F8 (Flyball, 8LM)
Pinch Hitting: SHB Bill Becker 0-0: Ball
1-0: Foul Ball, location: 2F
1-1: Foul Ball, location: 2F
1-2: Fly out, F9 (Flyball, 89S)
Batting: RHB David Gómez 0-0: Ball
1-0: Fly out, F9 (Flyball, 89XD)
Top of the 6th over - 0 run(s), 0 hit(s), 0 error(s), 0 left on base; Norfolk 4 - Toledo 2
BOTTOM OF THE 6TH
Toledo Titans batting - Pitching for Norfolk Cruisers : LHP Denver Johnston
Pitching: RHP Carlos Rúbio
Batting: LHB Salvador Vidal 0-0: Ball
1-0: Called Strike
1-1: Swinging Strike
1-2: SINGLE (Flyball, 7S)
Batting: RHB Sherman Davis 0-0: Called Strike
0-1: Foul Ball, location: 2F
0-2: Ball
1-2: Strikes out swinging
Batting: RHB Ray Porch 0-0: Ball
1-0: Called Strike
1-1: Fly out, F9 (Flyball, 9D)
Pinch Hitting: LHB Herman Hayes 0-0: Called Strike
0-1: Called Strike
0-2: Strikes out looking
Bottom of the 6th over - 0 run(s), 1 hit(s), 0 error(s), 1 left on base; Norfolk 4 - Toledo 2
TOP OF THE 7TH
Norfolk Cruisers batting - Pitching for Toledo Titans : RHP Bill Grange
Pitching: RHP Raúl Cavazos
Batting: RHB Xie-li Kan 0-0: Ball
1-0: Foul Ball, location: 2F
1-1: Called Strike
1-2: Strikes out looking
Batting: RHB Carlos Rodríguez 0-0: Foul Ball, location: 2F
0-1: Foul Ball, location: 2F
0-2: Ball
1-2: Ball
2-2: Ball
3-2: Fly out, F8 (Flyball, 8RXD)
Batting: RHB Jorge Gómez 0-0: Called Strike
0-1: Ball
1-1: Ball
2-1: Foul Ball, location: 2F
2-2: Foul Ball, location: 2F
2-2: Foul Ball, location: 2F
2-2: Ball
3-2: Ground out 6-3 (Groundball, 6MD)
Top of the 7th over - 0 run(s), 0 hit(s), 0 error(s), 0 left on base; Norfolk 4 - Toledo 2
BOTTOM OF THE 7TH
Toledo Titans batting - Pitching for Norfolk Cruisers : RHP Carlos Rúbio
Batting: LHB Nathan Santos 0-0: Foul Ball, location: 2F
0-1: SINGLE (Line Drive, 6)
Batting: LHB David Martínez 0-0: Ball
1-0: Foul Ball, location: 2F
1-1: Ball
2-1: Foul Ball, location: 2F
2-2: Foul Ball, location: 2F
2-2: Foul Ball, location: 2F
2-2: Ball
3-2: Base on Balls
Nathan Santos to second
Batting: LHB Michael Neely 0-0: Ball
1-0: Foul Ball, location: 2F
1-1: Swinging Strike
1-2: Ball
2-2: Fly out, F7 (Flyball, 7M)
Batting: RHB Enrique Pérez 0-0: Ball
1-0: 3-RUN HOME RUN (Flyball, 7D), Distance : 386 ft
Pitching: RHP Albert Braun
Batting: RHB Steve Ferguson 0-0: Ground out 5-3 (Groundball, 56)
Batting: LHB Salvador Vidal 0-0: Ball
1-0: Ball
2-0: Ball
3-0: Called Strike
3-1: Foul Ball, location: 2F
3-2: Foul Ball, location: 2F
3-2: Base on Balls
Batting: RHB Sherman Davis 0-0: Called Strike
0-1: Ball
1-1: Foul Ball, location: 2F
1-2: Strikes out swinging
Bottom of the 7th over - 3 run(s), 2 hit(s), 0 error(s), 1 left on base; Norfolk 4 - Toledo 5
TOP OF THE 8TH
Norfolk Cruisers batting - Pitching for Toledo Titans : RHP Raúl Cavazos
Batting: SHB Stephen Baldwin 0-0: Called Strike
0-1: Ball
1-1: Swinging Strike
1-2: Ball
2-2: Ground out U3 (Groundball, 3S)
Batting: RHB Terry Sylvester 0-0: Ball
1-0: Foul Ball, location: 2F
1-1: SINGLE (Groundball, 6MD) (infield hit)
Batting: RHB Bill Childers 0-0: Swinging Strike
0-1: Ball
1-1: Foul Ball, location: 2F
1-2: Ground out 5-3 (Groundball, 5)
Terry Sylvester to second
Batting: RHB Floyd Mitchell 0-0: Called Strike
0-1: Ball
1-1: Ground out 6-3 (Groundball, 6)
Top of the 8th over - 0 run(s), 1 hit(s), 0 error(s), 1 left on base; Norfolk 4 - Toledo 5
BOTTOM OF THE 8TH
Toledo Titans batting - Pitching for Norfolk Cruisers : RHP Albert Braun
Batting: RHB Ray Porch 0-0: Ball
1-0: Called Strike
1-1: Swinging Strike
1-2: Ball
2-2: Ball
3-2: Foul Ball, location: 2F
3-2: Foul Ball, location: 2F
3-2: DOUBLE (Line Drive, 78M)
Pinch Hitting: LHB Iván Gonzáles 0-0: Ball
1-0: Called Strike
1-1: Foul Ball, location: 2F
1-2: Fly out, F7 (Flyball, 7S)
Batting: LHB Nathan Santos 0-0: Foul Ball, location: 2F
0-1: Ground out 6-3 (Groundball, 56D)
Batting: LHB David Martínez 0-0: SINGLE (Groundball, 34D)
Ray Porch to third
Runner from 3rd tries for Home, SAFE, throw made home
David Martínez to second
Batting: LHB Michael Neely 0-0: Foul Ball, location: 2F
0-1: SINGLE (Groundball, 6MD)
David Martínez to third
Runner from 3rd tries for Home, SAFE, no throw or cutoff
Batting: RHB Enrique Pérez 0-0: Ball
1-0: Ball
2-0: Called Strike
2-1: Ground out 5-3 (Groundball, 6)
Bottom of the 8th over - 2 run(s), 3 hit(s), 0 error(s), 1 left on base; Norfolk 4 - Toledo 7
TOP OF THE 9TH
Norfolk Cruisers batting - Pitching for Toledo Titans : RHP Raúl Cavazos
Pitching: RHP Rusty King
Pinch Hitting: RHB Kyle Dempsey 0-0: Ball
1-0: Called Strike
1-1: Ball
2-1: Ground out 6-3 (Groundball, 6)
Batting: RHB David Gómez 0-0: Called Strike
0-1: Ball
1-1: Called Strike
1-2: Strikes out swinging
Batting: RHB Xie-li Kan 0-0: Called Strike
0-1: Swinging Strike
0-2: Ball
1-2: Strikes out swinging
Top of the 9th over - 0 run(s), 0 hit(s), 0 error(s), 0 left on base; Norfolk 4 - Toledo 7
This league is powered by Out of the Park Baseball, the baseball management simulation game for PC, Mac and Linux
Monday, May 4th, 2015 - OOTP Baseball 15.6 Build 34